 Dungeon Crawl Stone Soup version 0.18-a0-414-g5ba3a66 (webtiles) character file.

462 IrishGriffin the Stinger (level 6, -9/44 HPs)
             Began as a Demonspawn Venom Mage on Dec 1, 2015.
             Was an Initiate of Sif Muna.
             Mangled by a slave (10 damage)
             ... led by Pikel
             ... on level 6 of the Dungeon.
             The game lasted 01:11:03 (5015 turns).

IrishGriffin the Stinger (Demonspawn Venom Mage)    Turns: 5015, Time: 01:11:08

Health: -9/44      AC:  6    Str:  8      XL:     6   Next: 79%
Magic:  4/10       EV: 13    Int: 18      God:    Sif Muna [......]
Gold:   26         SH:  0    Dex: 13 (14) Spells: 3 memorised, 5 levels left

rFire  . . .     SeeInvis .     i - +3 spear
rCold  . . .     Clarity  .     o - +0 robe
rNeg   + . .     SustAt   .     (no shield)
rPois  +         Gourm    .     (helmet restricted)
rElec  .         Spirit   .     r - +1 cloak
rCorr  .         Dsmss    .     (no gloves)
rMut   .         Stasis   .     (no boots)
MR     .....                    (no amulet)
Stlth  ++........               v - ring of positive energy
                                n - ring of wizardry

@: not resistant to hostile enchantments, unstealthy
A: antennae 2, talons 1, yellow scales 1, breathe flames 1, poison resistance,
powered by death 3, screaming 1
a: Renounce Religion, Breathe Fire


You were on level 6 of the Dungeon.
You worshipped Sif Muna.
Sif Muna was noncommittal.
You were not hungry.

You visited 1 branch of the dungeon, and saw 6 of its levels.

You collected 126 gold pieces.
You spent 100 gold pieces at shops.

Inventory:

Hand Weapons
 e - a -2 hunting sling
 i - a +3 spear (weapon)
 p - a +0 hunting sling
Missiles
 d - 144 stones
 k - 2 javelins (quivered)
 m - 7 bolts of flame
 t - 16 arrows
Armour
 a - a +0 robe
 g - a +0 helmet
 o - a +0 robe (worn)
 r - a +1 cloak (worn)
Magical Staves
 s - an uncursed staff of earth
Jewellery
 n - a ring of wizardry (left hand)
 v - a ring of positive energy (right hand)
Wands
 f - a wand of cold (0)
Scrolls
 q - 2 scrolls of remove curse
 u - a scroll of enchant armour
Books
 b - a Young Poisoner's Handbook

   Spells                             Type                      Level
   a - Sting                          Conjuration/Poison           1
   b - Cure Poison                    Poison                       2
   c - Mephitic Cloud                 Conjuration/Poison/Air       3
   d - Olgreb's Toxic Radiance        Poison                       4
   e - Venom Bolt                     Conjuration/Poison           5
Comestibles
 c - 2 bread rations
 h - a beef jerky
 l - 5 fruits
 w - a meat ration


   Skills:
 + Level 2.0 Fighting
 + Level 1.0(1.1) Polearms
 + Level 0.1(0.6) Staves
 + Level 0.1(0.3) Slings
 + Level 0.5 Throwing
 + Level 3.7 Dodging
 + Level 2.5 Stealth
 + Level 3.3 Spellcasting
 + Level 2.0 Conjurations
 + Level 0.5 Air Magic
 + Level 4.8 Poison Magic
 + Level 0.4 Evocations


You had 5 spell levels left.
You knew the following spells:

 Your Spells              Type           Power        Failure   Level  Hunger
a - Sting                 Conj/Pois      ###.         1%          1    None
b - Cure Poison           Pois           ###.......   1%          2    ##.....
c - Mephitic Cloud        Conj/Pois/Air  ##......     9%          3    ###....


Dungeon Overview and Level Annotations

Branches:
Dungeon (6/15)             Temple (0/1) D:6

Altars:
Elyvilon
Sif Muna
The Shining One

Shops:
D:4 !

Annotations:
D:5 Grinder
D:6 Pikel


Innate Abilities, Weirdness & Mutations

You have a pair of antennae on your head.
You are partially covered in yellow scales (AC +2).
You regenerate a lot of health from kills.
You have sharp toenails.
You can breathe flames.
Your system is resistant to poisons.
You occasionally shout uncontrollably at your foes.


Message History

The slave completely misses you.
A giant frog skeleton comes into view.
You barely miss Pikel.
Pikel is heavily wounded.
The slave barely misses you. The slave hits you but does no damage.
Pikel hits you with a whip of flaming. Pikel burns you.
You closely miss Pikel.
Pikel is heavily wounded.
The slave hits you. The slave misses you. The slave completely misses you.
Pikel misses you.
The slave barely misses the slave.
The slave hits you!
* * * LOW HITPOINT WARNING * * *
Press: ? - help, Shift-Dir - straight line, f/p - Pikel
Aim: Pikel, wielding a whip of flaming and wearing a robe (heavily wounded)
You fail to use your ability.
The slave closely misses you. The slave misses you.
Pikel hits you with a whip of flaming.
* * * LOW HITPOINT WARNING * * *
Pikel burns you.
* * * LOW HITPOINT WARNING * * *
The slave hits you!
You die...

#####.......#,,,,,,,,,,*
#...........#*,,,,,,,,,**
##.###......#*,,,,,,,,,,,
#.# #......#*,,,,,,,,,,,
#.###......###,#..,,,,,,
#...#........,,.....,,,,
###.#......##*......,,,,
#.#......###...#..,*,,
#.#..@KZ.......#.⌠,*,,
####.#.pppp...#.###..,***
#<...#...............,,,,
######...........⌠..>,,⌠,
#........#.....,,,,,
#........#,*##.,,***
#......).#,,,*(⌠,*,,
#........#,,,*,,,*,,
#........#,,,,,,,,,,


You could see Pikel, 4 slaves and a giant frog skeleton.

Vanquished Creatures
  A scorpion (D:4)
  3 hounds
  A quasit (D:6)
  3 orc priests
  2 orc wizards (D:5)
  2 worker ants
  An adder (D:3)
  A shadow imp (D:5)
  3 oozes
  3 giant geckos
  13 orcs
  3 giant cockroaches
  6 goblins (D:3)
  9 hobgoblins
  A ball python (D:3)
  6 bats
  4 giant newts
  9 jackals
  3 kobolds
  4 rats
78 creatures vanquished.

Notes
Turn   | Place    | Note
--------------------------------------------------------------
     0 | D:1      | IrishGriffin the Demonspawn Venom Mage began the quest for the Orb.
     0 | D:1      | Reached XP level 1. HP: 13/13 MP: 3/3
   331 | D:1      | Gained mutation: You are partially covered in yellow scales (AC +2). [demonic ancestry]
   331 | D:1      | Reached XP level 2. HP: 19/19 MP: 0/5
   927 | D:2      | Learned a level 2 spell: Cure Poison
  1259 | D:2      | Found a glowing golden altar of the Shining One.
  1288 | D:2      | Gained mutation: You have a pair of small antennae on your head. [demonic ancestry]
  1288 | D:2      | Reached XP level 3. HP: 24/24 MP: 3/6
  1383 | D:3      | Learned a level 3 spell: Mephitic Cloud
  1997 | D:3      | Reached skill level 1 in Conjurations
  2270 | D:3      | Gained mutation: You regenerate a little health from kills. [demonic ancestry]
  2270 | D:3      | Reached XP level 4. HP: 30/30 MP: 3/7
  2705 | D:3      | Reached skill level 1 in Fighting
  2730 | D:3      | Gained mutation: You regenerate health from kills. [demonic ancestry]
  2730 | D:3      | Reached XP level 5. HP: 30/37 MP: 4/8
  3141 | D:4      | Found Viblye Tiowk's Distillery.
  3144 | D:4      | Bought a potion of heal wounds for 50 gold pieces
  3144 | D:4      | Bought 2 potions of mutation for 50 gold pieces
  3153 | D:4      | Gained mutation: Your system is resistant to poisons. [potion of mutation]
  3153 | D:4      | Gained mutation: You have a pair of antennae on your head. [potion of mutation]
  3154 | D:4      | Gained mutation: You can breathe flames. [potion of mutation]
  3154 | D:4      | Gained mutation: You occasionally shout uncontrollably at your foes. [potion of mutation]
  3154 | D:4      | Gained mutation: You have sharp toenails. [potion of mutation]
  3178 | D:4      | Reached skill level 1 in Polearms
  3588 | D:4      | Found a white marble altar of Elyvilon.
  3765 | D:4      | Gained mutation: You regenerate a lot of health from kills. [demonic ancestry]
  3765 | D:4      | Reached XP level 6. HP: 43/43 MP: 8/10
  4233 | D:5      | Entered Level 5 of the Dungeon
  4581 | D:5      | Found a deep blue altar of Sif Muna.
  4596 | D:5      | Became a worshipper of Sif Muna the Loreminder
  4668 | D:5      | Noticed Grinder
  4703 | D:5      | Paralysed by Grinder for 5 turns
  4994 | D:6      | Found a staircase to the Ecumenical Temple.
  4994 | D:6      | Noticed Pikel
  5015 | D:6      | HP: 1/44 [Pikel/whip of flaming (3)]
  5015 | D:6      | Mangled by a slave

Vault maps used:
D:1:      dpeg_arrival_shrine
D:2:      nicolae_tso_carved_into_rock
D:3:      first_bread
D:4:      nicolae_overflow_crystal_walls, serial_shops, kennysheep_mini,
          kennysheep_windowed_goal
D:5:      lemuel_coloured_pillars_altar, lemuel_crystal_altar,
          marbit_many_paths, nrook_mini_vaults, serial_bayou_pond_a,
          uniq_grinder
D:6:      nicolae_dithmenos_through_a_glass_darkly, makhleb_grotto_becter,
          minmay_temple_entry_junction2, st_stairs_3, minmay_tree_intersection,
          makhleb_blood_cavern_becter, uniq_pikel

Action                   |  1- 3 |  4- 6 || total
-------------------------+-------+-------++-------
Melee: Spear             |    61 |    30 ||    91
       Staff             |       |    40 ||    40
 Fire: Hunting sling     |    13 |       ||    13
Throw: Stone             |     9 |    12 ||    21
       Javelin           |       |     3 ||     3
 Cast: Sting             |    58 |    66 ||   124
       Mephitic Cloud    |     2 |     3 ||     5
 Abil: Breathe Fire      |       |     8 ||     8
Evoke: Wand              |     1 |     2 ||     3
  Use: Scroll            |     5 |     4 ||     9
       Potion            |     3 |     5 ||     8
  Eat: Bread ration      |     2 |     1 ||     3
       Beef jerky        |       |     1 ||     1
       Fruit             |       |     1 ||     1
       Chunk             |       |     1 ||     1
